 Dungeon Crawl Stone Soup version 0.27.0-1-g7a089689b8 (webtiles) character file.

Game seed: 1024854000475267519

330 ZombieSheep the Slasher (level 6, -3/49 (52) HPs)
             Began as a Minotaur Gladiator on Aug 2, 2021.
             Slain by Duvessa (13 damage)
             ... on level 4 of the Dungeon.
             The game lasted 00:05:02 (3200 turns).

ZombieSheep the Slasher (Minotaur Gladiator)        Turns: 3200, Time: 00:05:02

HP:   -3/49 (52)    AC:  4    Str: 18    XL:     6   Next: 26%
MP:   5/5           EV: 13    Int:  5    God:
Gold: 129           SH:  0    Dex: 14    Spells: 5/5 levels left

rFire    . . .     SeeInvis .   a - +1 long sword
rCold    . . .     Faith    .   (no shield)
rNeg     . . .     Spirit   .   b - +0 leather armour
rPois    .         Reflect  .   c - +1 hat
rElec    .         Harm     .   (no cloak)
rCorr    .         Rampage  .   (no gloves)
Will     .....                  (no boots)
Stlth    +.........             e - amulet of the acrobat
HPRegen  0.16/turn              (no ring)
MPRegen  0.09/turn              (no ring)

@: drained
A: horns 2, retaliatory headbutt
a: no special abilities


You were on level 4 of the Dungeon.
You visited 1 branch of the dungeon, and saw 4 of its levels.

You collected 129 gold pieces.

Inventory:

Hand Weapons
 a - a +1 long sword (weapon)
Armour
 b - a +0 leather armour (worn)
 c - a +1 hat (worn)
Jewellery
 e - an amulet of the acrobat (around neck)
Scrolls
 g - a scroll of fog {unknown}
Potions
 f - a potion of magic
 h - a potion of resistance {unknown}
 i - 2 potions of invisibility {unknown}
 j - a potion of haste {unknown}
 k - 3 potions of curing
 l - a potion of mutation {unknown}
 m - a potion of lignification {unknown}


   Skills:
 + Level 4.1 Fighting
 * Level 6.1 Long Blades
 - Level 2.0 Throwing
 + Level 3.1 Armour
 + Level 4.5 Dodging


You had 5 spell levels left.
You didn't know any spells.
Your spell library contained the following spells:

 Spells                   Type           Power      Damage    Failure   Level
 Ensorcelled Hibernation  Hex/Ice        0%         N/A       67%         2
 Spider Form              Tmut/Pois      0%         N/A       88%         3
 Leda's Liquefaction      Hex/Erth       0%         N/A       99%         4
 Bolt of Magma            Conj/Fire/Erth 0%         4d4       100%        5
 Shadow Creatures         Summ           N/A        N/A       100%        6
 Statue Form              Tmut/Erth      0%         N/A       100%        6


Dungeon Overview and Level Annotations

Branches:
Dungeon (4/15)
 Temple: D:4-7

Altars:
Cheibriados

Annotations:
D:2 Sigmund
D:4 Duvessa


Innate Abilities, Weirdness & Mutations

You have a pair of horns on your head.
You reflexively headbutt those who attack you in melee.


Message History

Duvessa is caught in the net!
Duvessa struggles against the net. x2
Throw: 2 throwing nets
Press: ? - help, Q - select action Shift-Dir - straight line, f/p - Duvessa
Aim: Duvessa, wielding a +0 short sword of draining and wearing a +0 leather armour (berserk, entangled in a net, 93% to hit)
Okay, then.
Duvessa struggles against the net.
You see here a black bear corpse.
Duvessa struggles against the net. x2
The net rips apart, and Duvessa comes free!
Throw: 2 throwing nets
Press: ? - help, Q - select action Shift-Dir - straight line, f/p - Duvessa
Aim: Duvessa, wielding a +0 short sword of draining and wearing a +0 leather armour (berserk, 65% to hit)
You throw a throwing net. The throwing net hits Duvessa.
Duvessa is caught in the net!
Duvessa struggles against the net. x2
Duvessa struggles against the net.
Duvessa struggles against the net.
The net rips apart, and Duvessa comes free!
Duvessa rages.
Throw: throwing net
Press: ? - help, Q - select action Shift-Dir - straight line, f/p - Duvessa
Aim: Duvessa, wielding a +0 short sword of draining and wearing a +0 leather armour (berserk, 65% to hit)
You throw a throwing net. The throwing net barely misses Duvessa.
Duvessa hits you with a +0 short sword of draining!
You feel drained. Duvessa closely misses you. You furiously retaliate!
You headbutt Duvessa!
You riposte.
You barely miss Duvessa.
Duvessa is lightly wounded.
Duvessa completely misses you.
Duvessa rages.
Duvessa hits you with a +0 short sword of draining!
* * * LOW HITPOINT WARNING * * *
You feel drained.
* * * LOW HITPOINT WARNING * * *
Duvessa is no longer berserk.
Duvessa barely misses you.
Duvessa drinks a potion.
Duvessa seems to grow stronger.
You slash Duvessa! Your headbutt misses Duvessa.
Duvessa is moderately wounded.
Duvessa hits you with a +0 short sword of draining!
You die...

#.#..####.#.......##......#####..
#.#.#####.##.....######..## ##.
#.#.......###...## #.## #.
#.######### ##+## #.# #. #.# #.#
#.# #. #.# #.# #.# #. #.# ##.##
#.# #. #.# ##...#######(# #.
#.##### #....@e......# #. #.#...#
##....######## #.....# ##.#.#
###...##########.#
##.............# ###############


You could see Duvessa (strong, slow).

Vanquished Creatures
  A black bear (D:4)
  A bullfrog (D:4)
  Dowan (D:4)
  3 adders
  4 gnolls (D:3)
  A dart slug (D:3)
  2 orcs (D:3)
  5 endoplasms
  3 giant cockroaches (D:1)
  2 goblins
  10 hobgoblins
  4 jackals
  3 quokkas
  7 ball pythons
  7 bats
  5 frilled lizards
  4 kobolds
  3 rats (D:1)
66 creatures vanquished.

Notes
Turn   | Place    | Note
-------+----------+-------------------------------------------
     0 | D:1      | ZombieSheep the Minotaur Gladiator began the quest for the
                  | Orb.
     0 | D:1      | Reached XP level 1. HP: 18/18 MP: 0/0
   309 | D:1      | Reached XP level 2. HP: 25/25 MP: 1/1
   344 | D:1      | Reached skill level 4 in Long Blades
   452 | D:1      | Reached skill level 1 in Armour
   895 | D:1      | Reached XP level 3. HP: 29/30 MP: 2/2
  1460 | D:2      | Noticed Sigmund
  1642 | D:3      | Reached XP level 4. HP: 28/38 MP: 3/3
  2116 | D:3      | Reached skill level 5 in Long Blades
  2683 | D:3      | Found a snail-covered altar of Cheibriados.
  2756 | D:4      | Noticed Dowan
  2779 | D:4      | Killed Dowan
  2780 | D:4      | Reached XP level 5. HP: 30/46 MP: 4/4
  2788 | D:4      | Noticed Duvessa
  2792 | D:4      | Noticed a black bear
  3115 | D:4      | Killed a black bear
  3116 | D:4      | Reached skill level 6 in Long Blades
  3116 | D:4      | Reached XP level 6. HP: 25/52 MP: 5/5
  3200 | D:4      | Slain by Duvessa

Illustrated notes

Levels and vault maps discovered:
D:1:      sevenhm_arrival_forest_fort_large_4, layout_rooms,
          chequers_hall_statues_y, st_stairs_13
D:2:      layout_basic, basic_altar, basic_ecumenical_altar, st_stairs_1,
          grunt_ministairs_15, minmay_domino_2, uniq_crazy_yiuf_cottage,
          uniq_jessica, uniq_sigmund
D:3:      minmay_skewed_foursquare, layout_loops_ring,
          mainiacjoe_overflow_alcove_2, minmay_quadrilaterals
D:4:      layout_loops_corners, mainiacjoe_overflow_paths, hangedman_ru_absence,
          minmay_temple_entry_slanted, uniq_duvessa

Skill      XL: |  1  2  3  4  5 |
---------------+----------------+-----
Long Blades    | 4 5 6 |  6.1
Armour         | 1 2 3 |  3.1
Fighting       | 3 4 |  4.1
Dodging        | 4 |  4.5
Throwing       | |  2.0

Action                   |  1- 3 |  4- 6 || total
-------------------------+-------+-------++-------
Melee: Long sword        |    71 |    62 ||   133
       Headbutt          |    10 |    10 ||    20
Throw: Throwing net      |       |     4 ||     4
  Use: Scroll            |     2 |     3 ||     5
 Stab: Sleeping          |       |     2 ||     2
Armor: Leather armour    |    14 |     8 ||    22
Dodge: Dodged            |    59 |    52 ||   111
       Rpst.: Long sword |    14 |    11 ||    25
